 Dungeon Crawl Stone Soup version 0.26.1-11-gd32895ea62 (console) character file.

Game seed: 15717133432641281308

9371 erker the Transmogrifier (level 11, -5/69 HPs)
             Began as an Octopode Transmuter on July 9, 2021.
             Was an Elder of Cheibriados.
             Slain by a four-headed hydra (11 damage)
             ... on level 11 of the Dungeon on July 10, 2021.
             The game lasted 00:58:15 (14659 turns).

erker the Transmogrifier (Octopode Transmuter)     Turns: 14659, Time: 00:58:15

Health: -5/69      AC:  2    Str: 19    XL:     11   Next: 45%
Magic:  21/26      EV: 17    Int: 28    God:    Cheibriados [****..]
Gold:   542        SH:  0    Dex: 35    Spells: 4/18 levels left

rFire    + . .     SeeInvis +   a - +11 rapier {flame, +Fly}
rCold    + . .     Faith    .   (no shield)
rNeg     + . .     Spirit   .   L - +1 hat {SInv}
rPois    +         Reflect  .   F - amulet of Waniecug {RegenMP *Corrode Dex+5}
rElec    .         Harm     .   q - ring of protection from cold
rCorr    .         Rampage  .   w - ring of wizardry
Will     .....                  O - ring "Vesasm" {rPois rN+ Dex+3 SInv}
Stlth    +++++.....             I - +6 ring of dexterity
HPRegen  0.21/turn              Q - ring of magical power
MPRegen  0.45/turn              T - ring of protection from fire
                                (no ring)
                                (no ring)

@: very slow
A: almost no armour, stealthy swim, amphibious, 8 rings, constrict 8, camouflage
1, gelatinous body 1
a: Renounce Religion, Evoke Flight, Bend Time, Temporal Distortion, Slouch


You were on level 11 of the Dungeon.
You worshipped Cheibriados.
Cheibriados was greatly pleased with you.
You visited 2 branches of the dungeon, and saw 12 of its levels.
You also visited: Sewer.

You collected 542 gold pieces.

Inventory:

Hand Weapons
 a - the +11 rapier of Past Mistakes (weapon) {flame, +Fly}
   (You found it on level 10 of the Dungeon)

   It has been specially enchanted to burn those struck by it, causing extra
   injury to most foes and up to half again as much damage against particularly
   susceptible opponents.
   It lets you fly.
 x - a +1 dagger of draining
 y - a +2 dagger of draining
 K - a +5 spear of freezing
 P - a +1 vampiric dagger
Missiles
 j - 63 poisoned darts (quivered)
 n - 8 atropa-tipped darts
 A - 3 boomerangs of dispersal
Armour
 L - a +1 hat of see invisible (worn)
 R - a +0 buckler
Jewellery
 g - an uncursed ring of protection from fire
 q - a ring of protection from cold (left tentacle)
 w - a ring of wizardry (right tentacle)
 F - the amulet of Waniecug (around mantle) {RegenMP *Corrode Dex+5}
   (You took it off a kobold on level 8 of the Dungeon)

   [amulet of magic regeneration]

   It increases your magic regeneration.
   It affects your dexterity (+5).
   It may corrode you when you take damage.
 I - a +6 ring of dexterity (on tentacle)
 O - the ring "Vesasm" (on tentacle) {rPois rN+ Dex+3 SInv}
   (You found it on level 9 of the Dungeon)

   [ring of see invisible]

   It affects your dexterity (+3).
   It protects you from poison.
   It protects you from negative energy.
   It lets you see invisible.
 Q - a ring of magical power (on tentacle)
 T - a ring of protection from fire (on tentacle)
Wands
 p - a wand of acid (9)
 H - a wand of digging (3)
 M - a wand of polymorph (7)
Scrolls
 b - 2 scrolls of fog {unknown}
 i - 13 scrolls of teleportation
 k - a scroll of brand weapon {unknown}
 o - a scroll of blinking {unknown}
 t - 5 scrolls of immolation
 v - 2 scrolls of fear {unknown}
 z - a scroll of random uselessness {unknown}
 B - 3 scrolls of remove curse
 C - 3 scrolls of enchant weapon {unknown}
 D - a scroll of holy word {unknown}
 J - 4 scrolls of identify
 N - 2 scrolls of enchant armour
 S - a scroll of magic mapping {unknown}
 U - a scroll of noise {unknown}
Potions
 c - 4 potions of flight
 d - 2 potions of magic
 e - 2 potions of haste
 f - 9 potions of curing
 h - 4 potions of lignification
 l - 4 potions of brilliance {unknown}
 m - 3 potions of resistance {unknown}
 r - 4 potions of might {unknown}
 s - 5 potions of heal wounds {unknown}
 u - 2 potions of ambrosia {unknown}
 E - 2 potions of attraction {unknown}
 G - a potion of mutation {unknown}


   Skills:
 - Level 4.0 Fighting
 + Level 3.7 Short Blades
 - Level 4.0 Dodging
 - Level 4.0 Stealth
 - Level 6.0 Unarmed Combat
 - Level 4.0 Spellcasting
 - Level 2.0 Conjurations
 - Level 8.8 Translocations
 + Level 9.7 Transmutations
 - Level 2.0 Air Magic
 - Level 3.0 Poison Magic
 - Level 6.0 Invocations


You had 4 spell levels left.
You knew the following spells:

 Your Spells              Type           Power        Failure   Level
a - Beastly Appendage     Tmut           100%         1%          1
b - Blink                 Tloc           N/A          1%          2
h - Blade Hands           Tmut           28%          1%          5
m - Mephitic Cloud        Conj/Pois/Air  18%          3%          3
s - Spider Form           Tmut/Pois      20%          1%          3

Your spell library contained the following spells:

 Spells                   Type           Power        Failure   Level
 Magic Dart               Conj           64%          1%          1
 Searing Ray              Conj           32%          1%          2
 Wereblood                Tmut           56%          1%          2
 Iskenderun's Mystic Bla  Conj/Tloc      35%          3%          4
 Call Imp                 Summ           5%           4%          2
 Slow                     Hex            5%           4%          2
 Ice Form                 Ice/Tmut       32%          4%          4
 Conjure Flame            Conj/Fire      11%          6%          3
 Dazzling Flash           Conj/Hex       22%          6%          3
 Fulminant Prism          Conj/Hex       5%           19%         4


Dungeon Overview and Level Annotations

Branches:
Dungeon (11/15)            Temple (1/1) D:5            Lair (0/6) D:10
    Orc (0/2) D:10          Sewer (visited)

Altars:
Ashenzari
Cheibriados
Fedhas
Kikubaaqudgha
Makhleb
Nemelex Xobeh
Ru
Sif Muna
Uskayaw
Vehumet
Wu Jian
Xom
Yredelemnul
Zin
The Shining One

Shops:
D:5 [}

Annotations:
D:6 T2blue's ghost, amateur FeBe
D:9 1 runed translucent door, captivecurve's ghost, novice HOFi


Innate Abilities, Weirdness & Mutations

You cannot wear most types of armour.
You are very stealthy in the water. (Stealth+)
You are amphibious.
You can wear up to eight rings at the same time.
You can use your tentacles to constrict eight enemies at once.
Your skin changes colour to match your surroundings (Stealth+).
Your rubbery body absorbs attacks. (AC +1, EV +1)


Message History

The bolt of acid hits the four-headed hydra!
The four-headed hydra is splashed with acid.
The four-headed hydra seems to be corroded for longer.
The four-headed hydra is heavily wounded.
Your tentacles revert to their normal proportions.
The +11 rapier of Past Mistakes {flame, +Fly} unmelds from your body.
The +11 rapier of Past Mistakes {flame, +Fly} bursts into flame!
The four-headed hydra barely misses you.
The four-headed hydra bites you!
* * * LOW HITPOINT WARNING * * *
The four-headed hydra barely misses you. x2
You puncture the four-headed hydra! You burn the four-headed hydra.
You squeeze the four-headed hydra.
The four-headed hydra is severely wounded.
The four-headed hydra closely misses you.
The four-headed hydra bites you!
* * * LOW HITPOINT WARNING * * *
The four-headed hydra closely misses you.
The four-headed hydra bites you!
You die...

;≈.≈≈≈≈≈≈≈≈≈≈≈...........
≈≈≈;.≈D≈≈≈≈≈≈....≈≈≈≈..###.
......≈≈≈≈≈≈≈.≈≈..≈≈≈≈≈# #.
.≈≈≈≈.............≈≈≈≈≈≈≈#.
..............##..≈≈≈≈≈≈≈≈≈
....?.....######..≈≈≈≈≈≈≈≈≈
......#### ## #...≈≈≈≈≈≈≈≈≈
# #..)##.# #...≈≈≈≈≈≈≈≈≈ .
###..#D@# #..≈≈≈≈>≈≈≈≈≈ ##
#..#####.# ≈≈≈≈
...##...##...# .# ≈≈≈≈≈ #
..##.##...#.##. #
#.###.#.#..# .# #
##...###...# .#
.#.###..#..###.#.# .
##.#.#...#.#.##.# .
.##...#.#...# #


You could see a four-headed hydra (corroded).

Vanquished Creatures
  Gastronok (D:8)
  A two-headed ogre (D:10)
  A deep elf mage (D:11)
  Pikel (D:6)
  A cyclops (D:11)
  Maggie (D:7)
  A troll (D:10)
  2 wraiths (D:11)
  A shadow (D:11)
  A vampire (D:9)
  A steam dragon (D:11)
  Menkaure (D:4)
  Edmund (D:4)
  A soldier ant (D:11)
  2 orc warriors
  3 sky beasts
  2 ice beasts
  A phantom (D:8)
  5 ogres
  3 centaurs
  A lemure (D:6)
  Blork the orc (D:6)
  3 big kobolds
  5 bullfrogs
  4 scorpions
  A water moccasin skeleton (D:4)
  6 wights
  A howler monkey (D:4)
  A centaur zombie (D:9)
  A bullfrog zombie (D:8)
  5 jellies
  3 bullfrog skeletons
  5 orc priests
  3 centaur skeletons
  4 hounds
  3 iguanas
  7 orc wizards
  10 worker ants
  2 hound zombies
  Robin (D:2)
  A howler monkey zombie (D:5)
  2 worker ant zombies
  12 gnolls
  19 adders
  8 river rats (Sewer)
  4 shadow imps
  3 white imps (D:9)
  2 ufetubi
  2 worms
  3 dart slugs
  7 leopard geckos
  36 orcs
  5 ball pythons
  13 giant cockroaches
  15 goblins
  11 hobgoblins
  19 jackals
  40 kobolds
  3 quokkas
  8 bats
  3 frilled lizards
  A leopard gecko zombie (D:9)
  42 rats
357 creatures vanquished.

Vanquished Creatures (others)
  2 plants (D:5)
  2 withered plants (D:9)
4 creatures vanquished.

Grand Total: 361 creatures vanquished

Notes
Turn   | Place    | Note
-------+----------+-------------------------------------------
     0 | D:1      | erker the Octopode Transmuter began the quest for the Orb.
     0 | D:1      | Reached XP level 1. HP: 13/13 MP: 3/3
   235 | D:1      | Reached XP level 2. HP: 18/18 MP: 3/5
   336 | D:1      | Reached skill level 3 in Transmutations
   546 | D:1      | Reached XP level 3. HP: 23/23 MP: 4/6
   722 | D:1      | Learned a level 3 spell: Spider Form
  1036 | D:2      | Reached skill level 4 in Transmutations
  1171 | D:2      | Reached skill level 1 in Poison Magic
  1324 | D:2      | Reached XP level 4. HP: 28/28 MP: 5/7
  1441 | D:2      | Noticed Robin
  1534 | D:2      | Killed Robin
  1535 | D:2      | Reached skill level 1 in Stealth
  1794 | D:2      | Reached XP level 5. HP: 21/33 MP: 6/8
  2035 | D:2      | Noticed an ogre
  2043 | D:2      | Killed an ogre
  2671 | D:3      | Reached XP level 6. HP: 38/38 MP: 5/9
  2829 | D:3      | Found a glowing drain.
  2874 | Sewer    | Entered a sewer
  2994 | Sewer    | Reached skill level 5 in Transmutations
  3220 | Sewer    | Reached skill level 6 in Transmutations
  3236 | Sewer    | Reached XP level 7. HP: 17/43 MP: 6/10
  4717 | D:4      | Noticed Edmund
  4804 | D:4      | Noticed Menkaure
  4813 | D:4      | Found an ornate altar of the Wu Jian Council.
  4821 | D:4      | Killed Menkaure
  4828 | D:4      | Noticed a spectral centipede
  4828 | D:4      | Noticed a spectral black mamba
  4828 | D:4      | Noticed a spectral cane toad
  5100 | D:4      | Reached XP level 8. HP: 40/54 MP: 8/11
  5657 | D:4      | Learned a level 5 spell: Blade Hands
  5760 | D:4      | Killed Edmund
  6204 | D:5      | Entered Level 5 of the Dungeon
  6208 | D:5      | Reached skill level 7 in Transmutations
  6658 | D:5      | Found a staircase to the Ecumenical Temple.
  6703 | Temple   | Entered the Ecumenical Temple
  6987 | Temple   | Became a worshipper of Cheibriados the Contemplative
  7037 | D:5      | Reached skill level 8 in Transmutations
  7076 | D:5      | Found Aphug's Gadget Shop.
  7086 | D:5      | Found Buecoyrph's Antique Armour Shop.
  7582 | D:6      | Noticed Blork the orc
  7594 | D:6      | Killed Blork the orc
  7595 | D:6      | Reached skill level 5 in Unarmed Combat
  7595 | D:6      | Reached XP level 9. HP: 47/58 MP: 6/12
  7915 | D:6      | Learned a level 2 spell: Blink
  7939 | D:6      | Reached * piety under Cheibriados
  7940 | D:6      | Reached skill level 1 in Invocations
  7993 | D:6      | Found a runed translucent door.
  8014 | D:6      | Noticed Pikel
  8021 | D:6      | Killed Pikel
  8022 | D:6      | Reached skill level 1 in Translocations
  8452 | D:6      | Noticed T2blue's ghost (amateur FeBe)
  8860 | D:7      | Found a blossoming altar of Fedhas.
  9105 | D:7      | Noticed Maggie
  9111 | D:7      | Killed Maggie
  9137 | D:7      | Learned a level 3 spell: Mephitic Cloud
  9174 | D:7      | Reached ** piety under Cheibriados
  9906 | D:8      | Reached skill level 5 in Translocations
  9906 | D:8      | Reached XP level 10. HP: 60/63 MP: 10/16
  9911 | D:8      | Identified the amulet of Waniecug {RegenMP *Corrode Dex+5}
  9929 | D:8      | HP: 2/63 [kobold/+0 short sword (7)]
 10664 | D:8      | Noticed Gastronok
 10738 | D:8      | Killed Gastronok
 11159 | D:9      | Reached skill level 1 in Conjurations
 11159 | D:9      | Reached skill level 1 in Air Magic
 11189 | D:9      | Found a runed translucent door.
 11190 | D:9      | Noticed captivecurve's ghost (novice HOFi)
 11250 | D:9      | Reached *** piety under Cheibriados
 12028 | D:9      | Got a slimy silver ring
 12029 | D:9      | Identified the ring "Vesasm" {rPois rN+ Dex+3 SInv} (You
                  | found it on level 9 of the Dungeon)
 12124 | D:9      | Reached skill level 5 in Invocations
 12434 | D:10     | Entered Level 10 of the Dungeon
 12476 | D:10     | Reached **** piety under Cheibriados
 12592 | D:10     | Got a smoking rapier
 12593 | D:10     | Identified the +11 rapier of Past Mistakes {flame, +Fly}
                  | (You found it on level 10 of the Dungeon)
 12957 | D:10     | Noticed a two-headed ogre
 13015 | D:10     | Killed a two-headed ogre
 13016 | D:10     | Reached XP level 11. HP: 48/69 MP: 17/17
 13344 | D:10     | Found a staircase to the Orcish Mines.
 13358 | D:10     | Reached skill level 1 in Short Blades
 13358 | D:10     | Reached skill level 9 in Transmutations
 13416 | D:10     | Found a staircase to the Lair.
 13659 | D:11     | Noticed a cyclops
 13989 | D:11     | Killed a cyclops
 13999 | D:11     | HP: 3/69 [wraith (4)]
 14287 | D:11     | Noticed a deep elf mage
 14303 | D:11     | Killed a deep elf mage
 14355 | D:11     | Noticed an orc knight
 14647 | D:11     | Noticed a four-headed hydra
 14659 | D:11     | Slain by a four-headed hydra

Illustrated notes

Levels and vault maps discovered:
D:1:      dpeg_arrival_connections, layout_loops_cross
D:2:      lemuel_upstairs_altar, layout_loops_cross,
          amcnicky_mini_rare_corridor_liquid, minmay_strange_pillars,
          minmay_rat_hole, uniq_robin
D:3:      layout_rooms, portal_sewer_entry_f
D:4:      layout_basic, pdpol_wu_jian_five_deadly_venoms,
          eino_small_chamber_without_monster, uniq_edmund, uniq_menkaure
D:5:      layout_rooms, minmay_temple_entry_mist, serial_shops, kennysheep_mini,
          nicolae_shop_overgrown_old_shop
D:6:      layout_gridville, ebering_ghost_sewer_d, uniq_blork_the_orc,
          uniq_sigmund, uniq_pikel
D:7:      layout_loops_cross, fedhas_bush_and_centaur_altar, uniq_maggie
D:8:      layout_cave_pools, uniq_gastronok
D:9:      layout_stronghold, gammafunk_ghost_grave
D:10:     layout_loops_corners, lair_entry_dummy, orc_0_dummy
D:11:     minmay_ornate_pinched, layout_basic, nrook_campfire
Temple:   roderic_octagonal_lattice_temple

Skill      XL: |  1  2  3  4  5  6  7  8  9 10 11 |
---------------+----------------------------------+-----
Transmutations | 3 4 6 8 9 |  9.7
Poison Magic   | 1 3 |  3.0
Stealth        | 1 4 |  4.0
Unarmed Combat | 4 5 6 |  6.0
Fighting       | 4 |  4.0
Dodging        | 4 |  4.0
Invocations    | 4 6 |  6.0
Translocations | 5 8 |  8.8
Spellcasting   | 4 |  4.0
Conjurations   | 2 |  2.0
Air Magic      | 2 |  2.0
Short Blades   | 3 |  3.7

Action                   |  1- 3 |  4- 6 |  7- 9 | 10-12 || total
-------------------------+-------+-------+-------+-------++-------
Melee: Unarmed           |    67 |   212 |   371 |   112 ||   762
       Constrict         |    24 |    19 |    32 |    25 ||   100
       Kick              |    16 |    10 |       |       ||    26
       Tentacles         |    13 |    11 |    37 |    49 ||   110
       Punch             |       |     2 |     3 |     8 ||    13
       Dagger            |       |       |    19 |    36 ||    55
       Rapier            |       |       |       |    22 ||    22
Throw: Dart              |       |     1 |    12 |    17 ||    30
 Cast: Beastly Appendage |    17 |    10 |       |       ||    27
       Spider Form       |       |    14 |    35 |     1 ||    50
       Blade Hands       |       |       |    20 |    32 ||    52
       Blink             |       |       |     3 |     4 ||     7
Invok: Temporal Distorti |       |       |       |     2 ||     2
 Abil: End Transformatio |       |       |     1 |     2 ||     3
Evoke: Wand              |       |       |     5 |     9 ||    14
  Use: Scroll            |       |       |     8 |     1 ||     9
       Potion            |       |       |       |     3 ||     3
 Stab: Sleeping          |     4 |    13 |    14 |    16 ||    47
       Distracted        |       |       |     1 |     1 ||     2
Armor: Skin              |    10 |    15 |    16 |     9 ||    50
Dodge: Dodged            |    52 |   194 |   251 |   114 ||   611
